 Dungeon Crawl Stone Soup version 0.27-a0-1545-g3eddc1d3d3 (webtiles) character file.

Game seed: 15976310090103331015

4 Kinoniko the Skirmisher (level 1, 14/19 HPs)
             Began as a Palentonga Fighter on July 13, 2021.
             Quit the game on level 1 of the Dungeon.
             The game lasted 00:00:16 (209 turns).

Kinoniko the Skirmisher (Palentonga Fighter)         Turns: 209, Time: 00:00:17

Health: 14/19      AC:  6    Str: 19    XL:     1   Next: 50%
Magic:  1/1        EV:  5    Int:  8    God:
Gold:   0          SH:  8    Dex:  9    Spells: 0/0 levels left

rFire    . . .     SeeInvis +   a - +0 war axe
rCold    . . .     Faith    .   c - +0 kite shield
rNeg     . . .     Spirit   .   b - +0 scale mail
rPois    .         Reflect  .   (no helmet)
rElec    .         Harm     .   (no cloak)
rCorr    .         Rampage  .   (no gloves)
Will     .....                  (no barding)
Stlth    ..........             (no amulet)
HPRegen  0.06/turn              (no ring)
MPRegen  0.07/turn              (no ring)

@: no status effects
A: large, rugged brown scales 3, see invisible, deformed body, roll 1, armoured
tail
a: Rolling Charge


You were on level 1 of the Dungeon.
You visited 1 branch of the dungeon, and saw 1 of its levels.

Inventory:

Hand Weapons
 a - a +0 war axe (weapon)
Armour
 b - a +0 scale mail (worn)
 c - a +0 kite shield (worn)
Scrolls
 e - a scroll of enchant weapon {unknown}
Potions
 d - a potion of might


   Skills:
 - Level 3.0 Fighting
 * Level 2.2 Axes
 - Level 2.4 Armour
 - Level 2.5 Shields


You couldn't memorise any spells.
You didn't know any spells.
Your spell library was empty.

Dungeon Overview and Level Annotations

Branches:
Dungeon (1/15)

Altars:


Innate Abilities, Weirdness & Mutations

You are completely covered in rugged brown scales. (AC +3, +7% HP)
You have supernaturally acute eyesight. (SInv)
Armour fits poorly on your strangely shaped body.
You can roll at nearby foes to attack.
You have a long armoured tail.


Message History

No target in view!
No target in view!
No target in view!
No target in view!
e - a scroll labelled FAFYXZ IXUVA
There is a shaft here.
A kobold comes into view. It is wielding a +0 whip.
The kobold shouts!
You hear an angry hiss.
A ball python comes into view.
There are monsters nearby!
There are monsters nearby!
The kobold barely misses you.
You barely miss the kobold. You tail-slap the kobold.
The kobold is moderately wounded.
You block the kobold's attack. The kobold hits you but does no damage.
You hit the kobold.
You kill the kobold!
You closely miss the ball python. The ball python bites you. x2
You closely miss the ball python.
You tail-slap the ball python, but do no damage.
You block the ball python's attack. The ball python bites you.
You hit the ball python.
You kill the ball python!
No target in view!
No target in view!
No target in view!
No target in view!
No target in view!
No target in view!
No target in view!
No target in view!
No target in view!
No target in view!
No target in view!
No target in view!
No target in view!
No target in view!
No target in view!
No target in view!
Are you sure you want to abandon this character and quit the game? (Confirm with "yes".)

##.. .# #...#
#.# .## #..#.
#..# ..# ...
#... #.. ...#..#
## #.######.#..#
P# #.#......).#
# #...# #@.#..#
P# #...####.#..#
##
#^..#......#...
#.#.#.....#..#..
#.#......#..#..#
###
#.#...........##
#P#
#.#.......#.###
.# #.#.#....##.#
#P# #.#.#..###
.#


There were no monsters in sight!

Vanquished Creatures
  A ball python (D:1)
  2 bats (D:1)
  A frilled lizard (D:1)
  A kobold (D:1)
5 creatures vanquished.

Notes
Turn   | Place    | Note
-------+----------+-------------------------------------------
     0 | D:1      | Kinoniko the Palentonga Fighter began the quest for the
                  | Orb.
     0 | D:1      | Reached XP level 1. HP: 19/19 MP: 1/1
   209 | D:1      | Quit the game

Illustrated notes

Levels and vault maps discovered:
D:1:      nagdon_arrival_zigzag_paths, layout_basic, st_stairs_2,
          minmay_misc_feat_diagonals

Action                   || total
-------------------------++-------
Melee: War axe           ||    16
       Tailslap          ||     4
Armor: Scale mail        ||    14
Dodge: Dodged            ||     3
Block: Kite shield       ||    13

Table legend: (Time is in decaauts)
 A = Elapsed time spent in this place.
 B = Non-inter-level travel time spent in this place.
 C = Inter-level travel time spent in this place.
 D = Time resting spent in this place.
 E = Time spent auto-exploring this place.
 F = Levels seen in this place.
 G = Mean time per level.
                   A        B        C        D        E       F      G
               +--------+--------+--------+--------+--------+-----+--------+
         Total |    219 |    219 |      0 |      0 |    184 |   1 |  219.0 |
       Dungeon |    219 |    219 |      0 |      0 |    184 |   1 |  219.0 |
               +--------+--------+--------+--------+--------+-----+--------+

Top non-repeatable levels by time:
     D:1: 219 daAuts
